 Dungeon Crawl Stone Soup version 0.31-a0-876-gfe8ebadbca (webtiles) character file.

Game seed: 17372347191903330263

4072 Gladio the Spear-Bearer (level 10, 0/70 (79) HPs)
             Began as a Merfolk Gladiator on Oct 14, 2023.
             Was an Initiate of Yredelemnul.
             Slain by an orc knight
             ... wielding a +0 halberd
              (21 damage)
             ... in a bailey.
             The game lasted 00:16:38 (6609 turns).

Gladio the Spear-Bearer (Merfolk Gladiator)         Turns: 6609, Time: 00:16:38

HP:   0/70 (79)     AC: 15    Str: 18    XL:     10   Next: 25%
MP:   10/10         EV: 15    Int:  8    God:    Yredelemnul [......]
Gold: 440           SH:  0    Dex: 16    Spells: 9/9 levels left

rFire   . . .        g - +1 halberd (distort)
rCold   . . .        (shield currently unavailable)
rNeg    . . .        x - quicksilver dragon scales
rPois   .            F - +1 hat of the Leaf {rElec Regen+}
rElec   +            m - +0 cloak
rCorr   .            s - +0 pair of gloves
SInv    .            i - +0 pair of boots
Will    +....        t - amulet of faith
Stlth   +            (no ring)
HPRegen 1.11/turn    (no ring)
MPRegen 0.12/turn

%: faith
@: heavily drained
A: (nimble swimmer 2), mertail
a: Renounce Religion, Recall Undead Harvest


You were in a bailey.
You worshipped Yredelemnul.
Yredelemnul was noncommittal.
You visited 2 branches of the dungeon, and saw 9 of its levels.
You also visited: Bailey.

You collected 440 gold pieces.

Inventory:

Hand Weapons
 a - a +0 trident
 g - a +1 halberd of distortion (weapon)
 z - a +0 halberd
Missiles
 d - 5 throwing nets (quivered)
 e - a javelin
Armour
 b - a +0 leather armour
 c - a +0 helmet
 f - a +0 ring mail
 i - a +0 pair of boots (worn)
 m - a +0 cloak (worn)
 o - a +0 scale mail
 s - a +0 pair of gloves (worn)
 x - quicksilver dragon scales (worn)
 F - the +1 hat of the Leaf (worn) {rElec Regen+}
   (You found it on level 6 of the Dungeon)

   rElec:     It insulates you from electricity.
   Regen+:    It increases your rate of health regeneration.
Jewellery
 t - an amulet of faith (around neck)
Wands
 r - a wand of roots (2)
 v - a wand of polymorph (14)
 y - a wand of charming (5)
Scrolls
 k - a scroll of blinking {unknown}
 n - a scroll of enchant weapon {unknown}
 q - 5 scrolls of teleportation
 u - 2 scrolls of poison
 E - a scroll of revelation {unknown}
 G - a scroll of enchant armour {unknown}
Potions
 h - a potion of invisibility {unknown}
 j - 4 potions of enlightenment
 l - 2 potions of brilliance {unknown}
 p - 3 potions of mutation
 w - a potion of lignification {unknown}
 A - a potion of attraction {unknown}
 B - a potion of degeneration {unknown}
 C - a potion of heal wounds {unknown}
 D - 3 potions of curing
 H - a potion of cancellation {unknown}
 I - a potion of resistance {unknown}


   Skills:
 + Level 7.3 Fighting
 * Level 12.2 Polearms
 - Level 4.0 Throwing
 + Level 4.5 Armour
 + Level 9.2 Dodging
 + Level 0.2 Invocations


You had 9 spell levels left.
You didn't know any spells.
Your spell library contained the following spells:

 Spells                   Type           Power      Damage    Failure   Level
 Foxfire                  Conj/Fire      0%         2x1d4     58%         1
 Call Imp                 Summ           0%         N/A       73%         2
 Anguish                  Hex/Necr       0%         N/A       100%        4
 Summon Ice Beast         Ice/Summ       0%         N/A       100%        4
 Vhi's Electric Charge    Tloc/Air       0%         N/A       100%        4
 Arcjolt                  Conj/Air       0%         1d10      100%        5
 Summon Mana Viper        Hex/Summ       0%         N/A       100%        5
 Yara's Violent Unravell  Hex/Tmut       0%         3d3       100%        5
 Plasma Beam              Fire/Air       0%         2x1d10    100%        6
 Starburst                Conj/Fire      0%         6d3       100%        6
 Monstrous Menagerie      Summ           0%         N/A       100%        7
 Discord                  Hex            0%         N/A       100%        8
 Maxwell's Capacitive Co  Air            0%         ∞         100%        8


Dungeon Overview and Level Annotations

Branches:
Dungeon (8/15)             Temple (1/1) D:7          Bailey (1/1)
   Lair: D:8-11

Altars:
Ashenzari
Cheibriados
Elyvilon
Hepliaklqana
Makhleb
Nemelex Xobeh
Okawaru
Ru
Sif Muna
Uskayaw
Xom
Yredelemnul
Zin
The Shining One

Shops:
D:4 [

Annotations:
D:3 1 runed translucent door, Crazy Yiuf


Innate Abilities, Weirdness & Mutations

((You are very nimble when in or above water. (Stealth+, EV+, Speed+++)))
Your lower body shifts to a powerful aquatic tail in water.


Message History

The gnoll hits you from afar with a +1 halberd of draining.
You feel drained.
The orc knight hits you from afar with a +0 halberd!
Aiming: Charm
Press: ? - help, Q - select action, (/) - cycle Shift-Dir - straight line, f/p - orc knight
Aim: an orc knight, wielding a +0 halberd (chance to affect: 31%)
The orc knight easily resists.
The gnoll hits you from afar with a +2 halberd of draining.
You feel drained. The gnoll hits you but does no damage.
You feel drained.
The orc knight roars a battlecry!
Aiming: Charm
Press: ? - help, Q - select action, (/) - cycle Shift-Dir - straight line, f/p - orc knight
Aim: an orc knight, wielding a +0 halberd (ally target, chance to affect: 31%)
The orc knight easily resists.
The gnoll barely misses you. The gnoll hits you but does no damage.
You feel drained.
The orc knight hits you from afar with a +0 halberd!
Aiming: Charm
Press: ? - help, Q - select action, (/) - cycle Shift-Dir - straight line, f/p - orc knight
Aim: an orc knight, wielding a +0 halberd (ally target, chance to affect: 31%)
The orc knight easily resists.
The gnoll closely misses you. The gnoll completely misses you.
The orc knight hits you from afar with a +0 halberd!!
Aiming: Charm
Press: ? - help, Q - select action, (/) - cycle Shift-Dir - straight line, f/p - orc knight
Aim: an orc knight, wielding a +0 halberd (ally target, chance to affect: 31%)
The orc knight easily resists.
The gnoll barely misses you. x2
The orc knight hits you from afar with a +0 halberd!
Aiming: Charm
Press: ? - help, Q - select action, (/) - cycle Shift-Dir - straight line, f/p - orc knight
Aim: an orc knight, wielding a +0 halberd (ally target, chance to affect: 31%)
The orc knight easily resists.
The gnoll hits you from afar with a +2 halberd of draining.
You feel drained.
* * * LOW HITPOINT WARNING * * *
The gnoll barely misses you.
The orc knight hits you from afar with a +0 halberd!!
You die...
Your body rises from the dead as a mindless zombie.

##### ##ZZZ##
+##+##'###@#
#.....## ##!g!.!#
#...ZZ### og.!.#
+..⌠..')# 'g.⌠.!+
#....Z### .!.!.#
##.....## !.!.!#
##'##+##'###+##+##+
#.## ##)#g# #'# ###
##### ### ##


You could see an orc knight (ally target), 3 gnolls, a friendly gnoll zombie and
2 friendly orc zombies.

Vanquished Creatures
  3 wyverns (D:7)
  2 steam dragons (D:7)
  A vampire mosquito (D:7)
  A naga (D:4)
  An acid dragon (D:7)
  2 orc warriors
  An ice beast (D:6)
  A black bear (D:4)
  A centaur (D:6)
  A kobold brigand (D:6)
  A gnoll sergeant (D:4)
  3 scorpions
  6 killer bees (D:7)
  8 hounds
  4 orc priests
  2 jellies
  2 gnoll boudas (D:7)
  4 iguanas
  2 sleepcaps
  Terence (D:3)
  2 orc wizards (D:3)
  Robin (D:3)
  20 gnolls
  2 adders
  A shadow imp (D:5)
  2 ufetubi (D:5)
  4 dart slugs
  33 orcs
  12 bats
  5 endoplasms
  5 giant cockroaches
  16 goblins
  17 hobgoblins
  4 quokkas
  8 ball pythons
  5 frilled lizards
  19 kobolds
  6 rats
209 creatures vanquished.

Vanquished Creatures (collateral kills)
  A black bear (D:7)
  A phantom (D:4)
  A centaur (D:7)
  3 killer bees (D:7)
  An orc wizard (D:7)
  2 gnolls
9 creatures vanquished.

Vanquished Creatures (others)
  2 wyvern zombies (D:7)
  A killer bee (D:7)
  5 killer bee zombies (D:7)
  An acid dragon zombie (D:7)
  A gnoll (D:4)
  A steam dragon zombie (D:7)
  3 orcs (D:7)
  7 gnoll zombies (D:7)
21 creatures vanquished.

Grand Total: 239 creatures vanquished

Notes
Turn   | Place    | Note
-------+----------+-------------------------------------------
     0 | D:1      | Gladio the Merfolk Gladiator began the quest for the Orb.
     0 | D:1      | Reached XP level 1. HP: 16/16 MP: 1/1
    36 | D:1      | Reached XP level 2. HP: 19/23 MP: 2/2
   290 | D:1      | Reached XP level 3. HP: 28/28 MP: 3/3
  1147 | D:2      | Reached skill level 5 in Polearms
  1312 | D:3      | Reached XP level 4. HP: 34/34 MP: 4/4
  1330 | D:3      | Got a moth-eaten book
  1388 | D:3      | Identified the -2 helmet of Conscience {Str+2 Int+4}
  1388 | D:3      | Noticed Robin
  1410 | D:3      | Killed Robin
  1507 | D:3      | Reached XP level 5. HP: 29/41 MP: 5/5
  1571 | D:3      | Found a glowing golden altar of the Shining One.
  1578 | D:3      | Found a glowing silver altar of Zin.
  1578 | D:3      | Found a white marble altar of Elyvilon.
  1773 | D:3      | Reached skill level 1 in Armour
  1773 | D:3      | Reached skill level 5 in Dodging
  1775 | D:3      | Reached skill level 6 in Polearms
  1775 | D:3      | Reached XP level 6. HP: 33/47 MP: 6/6
  2002 | D:3      | Found a runed translucent door.
  2003 | D:3      | Noticed Crazy Yiuf
  2064 | D:3      | Noticed Terence
  2070 | D:3      | Killed Terence
  2264 | D:4      | Found a sacrificial altar of Ru.
  2714 | D:4      | Noticed a black bear
  2724 | D:4      | Killed a black bear
  2725 | D:4      | Reached XP level 7. HP: 47/53 MP: 7/7
  2891 | D:4      | Reached skill level 7 in Polearms
  3160 | D:4      | Found Dyfux's Armour Emporium.
  3274 | D:5      | Entered Level 5 of the Dungeon
  3296 | D:5      | Found a hazy altar of Hepliaklqana.
  3509 | D:5      | Reached XP level 8. HP: 54/61 MP: 8/8
  3807 | D:5      | Reached skill level 8 in Polearms
  4077 | D:4      | Reached skill level 5 in Fighting
  4645 | D:6      | Identified the +1 hat of the Leaf {rElec Regen+}
  4902 | D:6      | Found an iron altar of Okawaru.
  4914 | D:6      | Reached skill level 9 in Polearms
  5544 | D:6      | Reached XP level 9. HP: 57/68 MP: 9/9
  5593 | D:7      | Found a staircase to the Ecumenical Temple.
  5625 | Temple   | Entered the Ecumenical Temple
  5669 | Temple   | Became a worshipper of Yredelemnul the Dark
  5741 | D:7      | Reached skill level 10 in Polearms
  5743 | D:7      | Reached * piety under Yredelemnul
  5811 | D:7      | Reached ** piety under Yredelemnul
  5862 | D:7      | Noticed a skeletal warrior
  6072 | D:7      | Banished a skeletal warrior
  6073 | D:7      | Reached skill level 11 in Polearms
  6162 | D:7      | Reached XP level 10. HP: 75/77 MP: 10/10
  6180 | D:7      | Reached *** piety under Yredelemnul
  6183 | D:7      | Reached skill level 12 in Polearms
  6475 | D:8      | Found a flagged portal.
  6490 | Bailey   | Entered a bailey
  6602 | Bailey   | Noticed an orc knight
  6609 | Bailey   | Slain by an orc knight

Illustrated notes

Levels and vault maps discovered:
D:1:      dpeg_arrival_refuge, layout_basic, serial_park_tiny_2,
          hangedman_decor_lopped
D:2:      layout_rooms, minmay_indecisive_spiral
D:3:      layout_rooms, dreamdust_divine_triumvirate,
          nicolae_concentric_dashed_squares_mild, uniq_crazy_yiuf_cottage,
          uniq_robin, uniq_terence
D:4:      layout_basic, mainiacjoe_overflow_chevrons, serial_shops,
          nicolae_shop_advertising_works [nicolae_subvault_shop_adworks],
          minmay_between
D:5:      minmay_general_purpose_star, layout_rooms,
          nicolae_overflow_crystal_walls
D:6:      corexii_shack_village, layout_basic, old_standard_altar
D:7:      minmay_opposing_rooms, layout_rooms, minmay_temple_entry_wispy
D:8:      layout_cave_pools, marbit_many_paths, jmf_multi_god_temple2,
          enter_bailey_5
Temple:   hellmonk_temple_beads
Bailey:   bailey_polearm_nasty_gnolls, bailey

Skill      XL: |  1  2  3  4  5  6  7  8  9 10 |
---------------+-------------------------------+-----
Polearms       | 5 6 7 9 11 12 | 12.2
Fighting       | 3 4 5 6 7 |  7.3
Throwing       | 3 4 |  4.0
Armour         | 1 2 3 4 |  4.5
Dodging        | 5 6 7 8 9 |  9.2
Invocations    | |  0.2

Action                     |  1- 3 |  4- 6 |  7- 9 | 10-12 || total
---------------------------+-------+-------+-------+-------++-------
  Melee: Trident           |   146 |   208 |    27 |       ||   381
         Punch             |       |     2 |       |       ||     2
         Halberd           |       |       |   312 |    62 ||   374
 Invoke: Dark Bargain      |       |       |     1 |       ||     1
  Evoke: Wand              |       |     2 |    12 |     5 ||    19
    Use: Scroll            |       |     1 |     2 |     2 ||     5
         Potion            |       |     1 |     1 |       ||     2
 Armour: Leather armour    |    12 |       |       |       ||    12
         Ring mail         |    23 |       |       |       ||    23
         Scale mail        |    23 |    78 |       |       ||   101
         Quicksilver drago |       |    25 |   282 |    40 ||   347
  Dodge: Dodged            |    70 |    75 |   339 |    40 ||   524

Table legend: (Time is in decaauts)
 A = Elapsed time spent in this place.
 B = Non-inter-level travel time spent in this place.
 C = Inter-level travel time spent in this place.
 D = Time resting spent in this place.
 E = Time spent auto-exploring this place.
 F = Levels seen in this place.
 G = Mean time per level.
                   A        B        C        D        E       F      G
               +--------+--------+--------+--------+--------+-----+--------+
         Total |   6685 |   6179 |    506 |      0 |   4738 |  10 |  668.5 |
       Dungeon |   6473 |   6046 |    427 |      0 |   4672 |   8 |  809.1 |
        Temple |     81 |      2 |     79 |      0 |      0 |   1 |   81.0 |
        Bailey |    130 |    130 |      0 |      0 |     66 |   1 |  130.0 |
               +--------+--------+--------+--------+--------+-----+--------+

Top non-repeatable levels by time:
     D:6: 1383 daAuts
     D:4: 1333 daAuts
     D:3: 944 daAuts
     D:1: 803 daAuts
     D:5: 768 daAuts
     D:7: 744 daAuts
     D:2: 469 daAuts
  Bailey: 130 daAuts
  Temple: 81 daAuts
     D:8: 26 daAuts
